 Dungeon Crawl Stone Soup version 0.32-a0-391-gce5c0aab1b (webtiles) character file.

Game seed: 9534749265263279518

3 Bravepunisher the Changeling (level 1, 0/15 HPs)
             Began as a Spriggan Shapeshifter on Feb 19, 2024.
             Succumbed to an adder's poison
             ... on level 2 of the Dungeon.
             The game lasted 00:00:34 (112 turns).

Bravepunisher the Changeling (Spriggan Shapeshifter) Turns: 112, Time: 00:00:34

Health: 0/15       AC: 20    Str: 10    XL:     1   Next: 41%
Magic:  2/2        EV:  4    Int: 11    God:
Gold:   0          SH:  0    Dex: 14    Spells: 0/0 levels left

rFire   . .          .
                       - Unarmed
rCold   . . .        (no shield)
rNeg    . . .        a - melded +0 animal skin
rPois   +            (helmet currently unavailable)
rElec   .            (cloak currently unavailable)
rCorr   .            (gloves unavailable)
SInv    +            (boots unavailable)
Will    .....        (no amulet)
Stlth   +            (no ring)
HPRegen 0.22/turn    (no ring)
MPRegen 0.08/turn

%: no passive effects
@: lethally poisoned (0 -> -1), tree-form
A: stationary, stasis, torment immunity, boosted hp, very small, no large
weapons, unfitting armour, see invisible, (speed 3)
a: no special abilities


You were on level 2 of the Dungeon.
You were a tree.
You visited 1 branch of the dungeon, and saw 2 of its levels.

Inventory:

Armour
 a - a +0 animal skin (melded)
Talismans
 c - a beast talisman (active)
 d - a flux talisman


   Skills:
 * Level 1.0 Fighting
 + Level 2.8 Dodging
 - Level 2.4 Unarmed Combat
 + Level 4.0 Shapeshifting


You couldn't memorise any spells.
You didn't know any spells.
Your spell library was empty.

Dungeon Overview and Level Annotations

Branches:
Dungeon (2/15)

Altars:


Innate Abilities, Weirdness & Mutations

You are a tree.
Your roots penetrate the ground, keeping you stationary.
You cannot be teleported.
You are immune to unholy pain and torment.
Your maximum health is greatly increased.
Your equipment is partially melded.
You are very small and have problems with some larger weapons.
You are too small for most types of armour.
You have supernaturally acute eyesight. (SInv)
((You cover ground extremely quickly. (Speed+++)))


Message History

A quokka comes into view.
The quokka misses you.
You barely miss the quokka. The quokka completely misses you.
You hit the quokka.
The quokka is moderately wounded.
The quokka misses you.
You hit the quokka.
You kill the quokka!
A kobold and 2 ribbon worms come into view.
The kobold shouts!
An adder comes into view.
The kobold moves out of view.
An adder comes into view.
The adder hisses angrily.
Found 2 yellow potions.
A frilled lizard comes into view.
The frilled lizard hisses angrily.
You miss the adder. The adder bites you.
You are lethally poisoned!
The adder poisons you!
You miss the adder.
You feel sick. The adder closely misses you.
You feel sick. The adder attacks as it pursues you! The adder misses you.
You closely miss the adder.
You feel sick. The adder closely misses you.
Your transformation has ended.
You turn into a tree.
Your +0 animal skin melds into your body.
Your roots penetrate the ground.
You feel sick.
The adder bites you but does no damage. x2
You hit the frilled lizard.
You kill the frilled lizard!
* * * LOW HITPOINT WARNING * * *
You feel sick. The adder bites you.
* * * LOW HITPOINT WARNING * * *
Your Fighting skill increases to level 1!
You cannot move.
You cannot move.
You smack the adder!
The adder is almost dead.
You die...

#....!# #. ## ###.....##
#.##.. #........###
##.#S.
#.##.###.#.###....# .
#l##........#.....# K
#.######.#.##.....# . #.#
#K#.##.....## ##.
#.######S#.###.....####..
#......†♣#......##....w..
###############.#####...#
#.# ###.. #.# ##. #.# #.
#.# #. #.########.
#........). .######.


You could see an adder and a kobold.

Vanquished Creatures
  A quokka (D:2)
  A frilled lizard (D:2)
2 creatures vanquished.

Notes
Turn   | Place    | Note
-------+----------+-------------------------------------------
     0 | D:1      | Bravepunisher the Spriggan Shapeshifter began the quest for
                  | the Orb.
     0 | D:1      | Reached XP level 1. HP: 9/9 MP: 2/2
   112 | D:2      | Reached skill level 1 in Fighting
   112 | D:2      | Succumbed to an adder's poison

Illustrated notes

Levels and vault maps discovered:
D:1:      dpeg_arrival_rooms_b, layout_loops_ring
D:2:      layout_loops_corners, minmay_liquid_box, minmay_close_crescents

Skill      XL: |  1 |
---------------+----+-----
Fighting       | 1 |  1.0
Dodging        | |  2.8
Unarmed Combat | |  2.4
Shapeshifting  | |  4.0

Action                     || total
---------------------------++-------
  Melee: Unarmed           ||     8
    Use: Potion            ||     1
 Armour: Skin              ||     3
         Animal skin       ||     1
  Dodge: Dodged            ||     6

Table legend: (Time is in decaauts)
 A = Elapsed time spent in this place.
 B = Non-inter-level travel time spent in this place.
 C = Inter-level travel time spent in this place.
 D = Time resting spent in this place.
 E = Time spent auto-exploring this place.
 F = Levels seen in this place.
 G = Mean time per level.
                   A        B        C        D        E       F      G
               +--------+--------+--------+--------+--------+-----+--------+
         Total |     71 |     71 |      0 |      0 |     27 |   2 |   35.5 |
       Dungeon |     71 |     71 |      0 |      0 |     27 |   2 |   35.5 |
               +--------+--------+--------+--------+--------+-----+--------+

Top non-repeatable levels by time:
     D:2: 44 daAuts
     D:1: 26 daAuts
